[Event "23rd OIBM 2019"]
[Site "Gmund am Tegernsee"]
[Date "2019.10.30"]
[Round "5.1"]
[White "Mons, Leon"]
[Black "Idani, Pouya"]
[Result "1/2-1/2"]
[ECO "C43"]
[WhiteElo "2552"]
[BlackElo "2568"]
[Annotator "ChessBase"]
[PlyCount "48"]
[EventDate "2019.10.17"]
[EventType "swiss"]
[EventCountry "GER"]
[SourceTitle "playchess.com"]
[Source "ChessBase"]
[SourceQuality "1"]
[TimeControl "40/5400+30:1800+30"]

1. e4 e5 2. Nf3 Nf6 3. d4 Nxe4 4. Bd3 d5 5. Nxe5 Nd7 6. Nxd7 Bxd7 7. O-O Nf6 8. Bg5 Be7 9. c3 c6 10. Qc2 h6 11. Bxf6 Bxf6 12. Re1+ Kf8 13. Nd2 g6 14. Nf3 Kg7 15. Ne5 Bxe5 16. Rxe5 Re8 17. Rae1 Rxe5 18. Rxe5 Qf8 19. Qd2 f6 20. Re2 Re8 21. Qf4 Rxe2 22. Bxe2 Qe7 23. Qc7 Qxe2 24. Qxd7+ Kf8 1/2-1/2

[Event "23rd OIBM 2019"]
[Site "Gmund am Tegernsee"]
[Date "2019.10.30"]
[Round "5.5"]
[White "Vogel, Roven"]
[Black "Gareyev, Timur"]
[Result "0-1"]
[ECO "A40"]
[WhiteElo "2456"]
[BlackElo "2591"]
[Annotator "ChessBase"]
[PlyCount "34"]
[EventDate "2019.10.17"]
[EventType "swiss"]
[EventCountry "GER"]
[SourceTitle "playchess.com"]
[Source "ChessBase"]
[SourceQuality "1"]
[TimeControl "40/5400+30:1800+30"]

1. d4 Nf6 2. c4 e6 3. g3 Bb4+ 4. Bd2 a5 5. Bg2 Nc6 6. Nf3 d6 7. O-O e5 8. Bxb4 axb4 9. d5 Nb8 10. Qd2 c5 11. dxc6 Nxc6 12. Rd1 O-O 13. Qc2 e4 14. Nd4 e3 15. fxe3 Ng4 16. Bxc6 bxc6 17. Nxc6 Qf6 0-1

[Event "23rd OIBM 2019"]
[Site "Gmund am Tegernsee"]
[Date "2019.10.30"]
[Round "5.9"]
[White "Shevchenko, Kirill"]
[Black "Vetoshko, Volodymyr"]
[Result "1/2-1/2"]
[ECO "C67"]
[WhiteElo "2542"]
[BlackElo "2506"]
[Annotator "ChessBase"]
[PlyCount "47"]
[EventDate "2019.10.17"]
[EventType "swiss"]
[EventCountry "GER"]
[SourceTitle "playchess.com"]
[Source "ChessBase"]
[SourceQuality "1"]
[TimeControl "40/5400+30:1800+30"]

1. e4 e5 2. Nf3 Nc6 3. Bb5 Nf6 4. O-O Nxe4 5. Re1 Nd6 6. Nxe5 Be7 7. Bf1 Nxe5 8. Rxe5 O-O 9. d4 Bf6 10. Re1 Re8 11. Nc3 Rxe1 12. Qxe1 Bxd4 13. Bf4 Bxc3 14. Qxc3 b6 15. Bxd6 cxd6 16. Qf3 Rb8 17. Re1 Bb7 18. Qa3 Bd5 19. Qxd6 Be6 20. Bd3 Rc8 21. f4 Qf8 22. Qxf8+ Kxf8 23. b3 Rc5 24. Kf2 1/2-1/2

[Event "23rd OIBM 2019"]
[Site "Gmund am Tegernsee"]
[Date "2019.10.30"]
[Round "5.11"]
[White "Sethuraman, S.P."]
[Black "Zajogin, Alexander"]
[Result "1-0"]
[ECO "C50"]
[WhiteElo "2624"]
[BlackElo "2426"]
[Annotator "RC"]
[PlyCount "109"]
[EventDate "2019.10.17"]
[EventType "swiss"]
[EventCountry "GER"]
[SourceTitle "playchess.com"]
[Source "ChessBase"]
[SourceQuality "1"]
[TimeControl "40/5400+30:1800+30"]

1. e4 e5 2. Nf3 Nc6 3. Bc4 Bc5 4. d3 Nf6 5. O-O d6 6. c3 O-O 7. Bg5 h6 8. Bh4 a6 9. a4 g5 10. Bg3 Ba7 11. Nbd2 Bg4 12. h3 Bh5 13. b4 Bg6 14. Re1 Nh5 15. Bh2 Nf4 16. Nf1 Kg7 17. Bxf4 gxf4 18. Bd5 Rb8 19. d4 Qf6 20. N1h2 h5 21. Bxc6 bxc6 22. Qd3 exd4 23. Qxa6 Ra8 24. Qxc6 dxc3 25. Rac1 Bd4 26. Red1 Be5 27. a5 Rfb8 28. Nxe5 dxe5 29. Qxc3 Bxe4 30. Re1 Bg6 31. Nf3 e4 32. Ne5 Bf5 33. Nc6 Re8 34. b5 Qxc3 35. Rxc3 e3 36. fxe3 Rxe3 37. Rexe3 fxe3 38. Nd4 Bg6 39. a6 Rd8 40. a7 Be4 41. Rc4 Kh7 42. Ne2 Rd1+ 43. Kh2 Ba8 44. Rxc7 Rd2 45. Rxf7+ Kg6 46. Rf8 Bb7 47. Rb8 Be4 48. Re8 Bb7 49. Rxe3 Rb2 50. Re7 Ba8 51. Re8 Bb7 52. Nf4+ Kg5 53. Rf8 h4 54. a8=Q Bxa8 55. Ne6+ 1-0

[Event "23rd OIBM 2019"]
[Site "Gmund am Tegernsee"]
[Date "2019.10.30"]
[Round "5.16"]
[White "Donchenko, Anatoly"]
[Black "Loiseau, Quentin"]
[Result "0-1"]
[ECO "A33"]
[WhiteElo "2229"]
[BlackElo "2471"]
[Annotator "ChessBase"]
[PlyCount "72"]
[EventDate "2019.10.17"]
[EventType "swiss"]
[EventCountry "GER"]
[SourceTitle "playchess.com"]
[Source "ChessBase"]
[SourceQuality "1"]
[TimeControl "40/5400+30:1800+30"]

1. c4 c5 2. Nf3 Nc6 3. d4 cxd4 4. Nxd4 Nf6 5. Nc3 e6 6. a3 Bc5 7. e3 O-O 8. Be2 Bb6 9. O-O d5 10. Nxc6 bxc6 11. b4 Bc7 12. Bb2 Rb8 13. Qc2 a5 14. Rfd1 Qe7 15. g3 dxc4 16. Ne4 Nxe4 17. Qxe4 c5 18. Qxc4 axb4 19. axb4 cxb4 20. Bd4 Bd6 21. Bxg7 Kxg7 22. Qd4+ e5 23. Qxd6 Qxd6 24. Rxd6 b3 25. Rb1 Be6 26. Rb2 Rfd8 27. Ra6 Rdc8 28. Bd3 Rc3 29. Be4 Bh3 30. f3 Rc1+ 31. Kf2 Rh1 32. Rb1 Rxh2+ 33. Kg1 Rg2+ 34. Kh1 Rd2 35. g4 b2 36. Ra2 Rb4 0-1

[Event "23rd OIBM 2019"]
[Site "Gmund am Tegernsee"]
[Date "2019.10.30"]
[Round "5.22"]
[White "Gschnitzer, Adrian"]
[Black "Richter, Nils"]
[Result "1-0"]
[ECO "C25"]
[WhiteElo "2412"]
[BlackElo "2213"]
[Annotator "NA"]
[PlyCount "67"]
[EventDate "2019.10.17"]
[EventType "swiss"]
[EventCountry "GER"]
[SourceTitle "playchess.com"]
[Source "ChessBase"]
[SourceQuality "1"]
[TimeControl "40/5400+30:1800+30"]

1. e4 e5 2. Nc3 Nc6 3. Bc4 Bc5 4. Qg4 g6 5. Qg3 Nf6 6. d3 d6 7. Bg5 Nh5 8. Qh4 f6 9. Bh6 Bb4 10. Nge2 Nd4 11. O-O-O Nxe2+ 12. Nxe2 Qe7 13. g4 Ng7 14. g5 f5 15. Bxg7 Qxg7 16. exf5 Bxf5 17. Bb5+ c6 18. Qxb4 cxb5 19. Qxd6 Qe7 20. Qxe7+ Kxe7 21. Rhe1 Kf7 22. Nc3 b4 23. Nd5 Rae8 24. h4 h6 25. Rd2 hxg5 26. hxg5 a5 27. Rde2 Rh2 28. f4 Rxe2 29. Rxe2 Rh8 30. fxe5 Rh1+ 31. Kd2 Rb1 32. Nc7 Bg4 33. e6+ Ke7 34. Nd5+ 1-0

[Event "23rd OIBM 2019"]
[Site "Gmund am Tegernsee"]
[Date "2019.10.30"]
[Round "5.23"]
[White "Padmini, Rout"]
[Black "Yi, Danny"]
[Result "1-0"]
[ECO "A05"]
[WhiteElo "2394"]
[BlackElo "2211"]
[Annotator "NA"]
[PlyCount "65"]
[EventDate "2019.10.17"]
[EventType "swiss"]
[EventCountry "GER"]
[SourceTitle "playchess.com"]
[Source "ChessBase"]
[SourceQuality "1"]
[TimeControl "40/5400+30:1800+30"]

1. Nf3 Nf6 2. g3 g6 3. Bg2 Bg7 4. O-O O-O 5. d4 d5 6. c3 Nbd7 7. a4 Re8 8. a5 a6 9. c4 c5 10. cxd5 Nxd5 11. e4 N5f6 12. e5 Nd5 13. Nc3 Nf8 14. Ng5 Nxc3 15. bxc3 h6 16. Ne4 cxd4 17. cxd4 Rb8 18. Be3 b6 19. axb6 Qxb6 20. Qd2 Rd8 21. d5 Qb2 22. f4 Qxd2 23. Nxd2 f6 24. e6 f5 25. Rab1 Bb7 26. Nc4 Ba8 27. Rxb8 Rxb8 28. Nb6 Bb7 29. Rc1 Bf6 30. Rc7 a5 31. Nd7 Nxd7 32. exd7 a4 33. Rxb7 1-0

[Event "23rd OIBM 2019"]
[Site "Gmund am Tegernsee"]
[Date "2019.10.30"]
[Round "5.24"]
[White "Kaiser, Elmar"]
[Black "Hess, Max"]
[Result "0-1"]
[ECO "A48"]
[WhiteElo "2131"]
[BlackElo "2373"]
[Annotator "ChessBase"]
[PlyCount "78"]
[EventDate "2019.10.17"]
[EventType "swiss"]
[EventCountry "GER"]
[SourceTitle "playchess.com"]
[Source "ChessBase"]
[SourceQuality "1"]
[TimeControl "40/5400+30:1800+30"]

1. d4 Nf6 2. Nf3 g6 3. c4 Bg7 4. Nc3 O-O 5. Bf4 d6 6. e3 Nc6 7. d5 e5 8. Bg5 Ne7 9. e4 h6 10. Bd2 c6 11. Qc1 b5 12. dxc6 b4 13. Nd5 Nxe4 14. c7 Qd7 15. Bxh6 Nxd5 16. Bxg7 Kxg7 17. cxd5 Bb7 18. Bc4 Qxc7 19. O-O Rac8 20. b3 Qb6 21. Qe3 Qxe3 22. fxe3 a5 23. a3 Ra8 24. Rfd1 Nc3 25. Rd2 Rfc8 26. Ne1 e4 27. Nc2 bxa3 28. Nxa3 Rc5 29. Nc2 Rac8 30. Nd4 Bxd5 31. Bxd5 Nxd5 32. Kf2 Kf6 33. Rda2 Rc3 34. Rxa5 Nxe3 35. h3 d5 36. Re1 Nc2 37. Rd1 Nb4 38. Rb5 Nd3+ 39. Kg1 Rc1 0-1

[Event "23rd OIBM 2019"]
[Site "Gmund am Tegernsee"]
[Date "2019.10.30"]
[Round "5.25"]
[White "Zude, Arno"]
[Black "Maruntis, Patrik-Robert"]
[Result "1-0"]
[ECO "B70"]
[WhiteElo "2372"]
[BlackElo "1707"]
[Annotator "ChessBase"]
[PlyCount "61"]
[EventDate "2019.10.17"]
[EventType "swiss"]
[EventCountry "GER"]
[SourceTitle "playchess.com"]
[Source "ChessBase"]
[SourceQuality "1"]
[TimeControl "40/5400+30:1800+30"]

1. e4 c5 2. Nf3 d6 3. d4 cxd4 4. Nxd4 Nf6 5. Nc3 g6 6. Be2 Bg7 7. O-O O-O 8. Bg5 Nbd7 9. Re1 a6 10. Bf1 Qc7 11. Qd2 Rd8 12. a4 b6 13. Nd5 Nxd5 14. exd5 Nf6 15. c4 Re8 16. h3 Bb7 17. Re3 Nd7 18. b3 Nf8 19. Rae1 f6 20. Bf4 Bc8 21. g4 g5 22. Bg3 Ng6 23. Bd3 Kf7 24. Bf5 Bxf5 25. Nxf5 Qd7 26. Re6 Bf8 27. h4 h6 28. Qe3 Ne5 29. Bxe5 dxe5 30. hxg5 hxg5 31. Qh3 1-0

[Event "23rd OIBM 2019"]
[Site "Gmund am Tegernsee"]
[Date "2019.10.30"]
[Round "5.26"]
[White "Seickel, Ralf"]
[Black "Moehn, Hans"]
[Result "0-1"]
[ECO "A40"]
[WhiteElo "1993"]
[BlackElo "2370"]
[Annotator "RC"]
[PlyCount "106"]
[EventDate "2019.10.17"]
[EventType "swiss"]
[EventCountry "GER"]
[SourceTitle "playchess.com"]
[Source "ChessBase"]
[SourceQuality "1"]
[TimeControl "40/5400+30:1800+30"]

1. d4 Nf6 2. c4 e6 3. g3 d5 4. Nf3 Bb4+ 5. Bd2 Bd6 6. Nc3 c6 7. Qc2 Nbd7 8. e4 dxe4 9. Nxe4 Nxe4 10. Qxe4 Nf6 11. Qc2 b6 12. Bg2 Bb7 13. O-O c5 14. Rfe1 cxd4 15. Nxd4 Bxg2 16. Kxg2 O-O 17. Nb5 Be7 18. Rad1 Qc8 19. b3 Qb7+ 20. f3 a6 21. Nc3 b5 22. Ne4 Nxe4 23. Rxe4 Rac8 24. Be3 Qc6 25. Qe2 h6 26. Bf2 Rc7 27. Qd3 Rd8 28. Qe2 Rdc8 29. Red4 Qb7 30. cxb5 axb5 31. R1d2 b4 32. Qe4 Qb5 33. Qd3 Qxd3 34. R4xd3 Rc2 35. Be3 e5 36. Rxc2 Rxc2+ 37. Rd2 Rc3 38. Kf2 f5 39. Ke2 Kf7 40. Rd3 Rc2+ 41. Rd2 Rc6 42. Rd7 Ke6 43. Ra7 Rc2+ 44. Kd3 Rc3+ 45. Kd2 f4 46. gxf4 exf4 47. Bd4 Rxf3 48. Bxg7 Rf2+ 49. Kd3 Rxh2 50. Ra6+ Kf5 51. Bxh6 Rh3+ 52. Ke2 f3+ 53. Kf1 Bc5 0-1

[Event "23rd OIBM 2019"]
[Site "Gmund am Tegernsee"]
[Date "2019.10.30"]
[Round "5.27"]
[White "Schultz, Andreas"]
[Black "Nasuta, Grzegorz"]
[Result "0-1"]
[ECO "D80"]
[WhiteElo "2176"]
[BlackElo "2534"]
[Annotator "ChessBase"]
[PlyCount "44"]
[EventDate "2019.10.17"]
[EventType "swiss"]
[EventCountry "GER"]
[SourceTitle "playchess.com"]
[Source "ChessBase"]
[SourceQuality "1"]
[TimeControl "40/5400+30:1800+30"]

1. d4 Nf6 2. c4 g6 3. Nc3 d5 4. Bg5 Ne4 5. Bh4 g5 6. Nxe4 dxe4 7. Bxg5 Bg7 8. Qd2 Qxd4 9. Rd1 Nc6 10. b3 Be6 11. Qxd4 Bxd4 12. Bd2 O-O-O 13. e3 Bc5 14. Ne2 Bg4 15. Rc1 Ba3 16. Rb1 Nb4 17. f3 Nc2+ 18. Kf2 Rxd2 19. fxg4 Bc5 20. Kg3 Nxe3 21. Nf4 Rg8 22. h3 Bd6 0-1

[Event "23rd OIBM 2019"]
[Site "Gmund am Tegernsee"]
[Date "2019.10.30"]
[Round "5.28"]
[White "Ries, Berthold"]
[Black "Danielmeier, Ralf"]
[Result "0-1"]
[ECO "B01"]
[WhiteElo "1854"]
[BlackElo "2054"]
[Annotator "NA"]
[PlyCount "101"]
[EventDate "2019.10.17"]
[EventType "swiss"]
[EventCountry "GER"]
[SourceTitle "playchess.com"]
[Source "ChessBase"]
[SourceQuality "1"]
[TimeControl "40/5400+30:1800+30"]

1. e4 d5 2. exd5 Qxd5 3. Nc3 Qa5 4. d4 Nf6 5. Nf3 Bf5 6. Bd2 e6 7. Bc4 Bb4 8. O-O Nc6 9. a3 Bxc3 10. bxc3 O-O 11. Rb1 Rab8 12. Bb5 Bg4 13. h3 Bxf3 14. Qxf3 Nxd4 15. cxd4 Qxd2 16. Bd3 c6 17. c3 Qg5 18. Rb3 Qd5 19. Qxd5 cxd5 20. Rfb1 Rfc8 21. Rxb7 Rxb7 22. Rxb7 g6 23. Rxa7 Rxc3 24. Bb5 Ne4 25. f3 Rc1+ 26. Kh2 Nd6 27. a4 Nxb5 28. axb5 Rb1 29. Rb7 Rb4 30. b6 Rxd4 31. Rc7 Rb4 32. b7 Kg7 33. Kg3 h5 34. f4 Kf6 35. Kf3 Rb3+ 36. Ke2 h4 37. Kd2 g5 38. fxg5+ Kxg5 39. Rxf7 Kg6 40. Re7 Kf6 41. Rh7 Kg5 42. Kc2 Rb5 43. Kc3 e5 44. Rd7 Kf4 45. Rg7 Ke3 46. Rh7 e4 47. g4 hxg3 48. Rg7 Kf3 49. h4 g2 50. h5 Rxb7 51. Kd4 0-1

[Event "23rd OIBM 2019"]
[Site "Gmund am Tegernsee"]
[Date "2019.10.30"]
[Round "5.31"]
[White "Badelka, Olga"]
[Black "Bopp, Thomas"]
[Result "1-0"]
[ECO "A43"]
[WhiteElo "2413"]
[BlackElo "2156"]
[Annotator "NA"]
[PlyCount "57"]
[EventDate "2019.10.17"]
[EventType "swiss"]
[EventCountry "GER"]
[SourceTitle "playchess.com"]
[Source "ChessBase"]
[SourceQuality "1"]
[TimeControl "40/5400+30:1800+30"]

1. d4 c5 2. d5 g6 3. c4 Bg7 4. e4 d6 5. Nc3 Nf6 6. Bd3 O-O 7. h3 a6 8. a4 e6 9. Nf3 Nbd7 10. O-O e5 11. a5 Nh5 12. Re1 h6 13. Bf1 Ndf6 14. Bd2 Nh7 15. Na4 Nf4 16. Nb6 Rb8 17. b4 Ng5 18. Nxg5 Qxg5 19. Nxc8 Rbxc8 20. g3 f5 21. bxc5 fxe4 22. Ra3 Rxc5 23. h4 Qf5 24. gxf4 exf4 25. Bh3 Qf6 26. Rxe4 Qxh4 27. Qg4 Qxg4+ 28. Bxg4 Be5 29. Bb4 1-0

[Event "23rd OIBM 2019"]
[Site "Gmund am Tegernsee"]
[Date "2019.10.30"]
[Round "5.32"]
[White "Loew, Gerald"]
[Black "Manu David Suthandram R"]
[Result "1/2-1/2"]
[ECO "B20"]
[WhiteElo "2162"]
[BlackElo "2403"]
[Annotator "NA"]
[PlyCount "63"]
[EventDate "2019.10.17"]
[EventType "swiss"]
[EventCountry "GER"]
[SourceTitle "playchess.com"]
[Source "ChessBase"]
[SourceQuality "1"]
[TimeControl "40/5400+30:1800+30"]

1. e4 c5 2. Be2 Nc6 3. f4 e6 4. Nf3 d5 5. d3 Nf6 6. e5 Nd7 7. c4 d4 8. Nbd2 Be7 9. Ne4 O-O 10. O-O f6 11. exf6 Nxf6 12. Nfg5 Nxe4 13. Nxe4 Bd7 14. Bg4 Qc8 15. Qe2 e5 16. Bxd7 Qxd7 17. Bd2 exf4 18. Bxf4 Rf5 19. a3 Raf8 20. Bg3 a6 21. Rxf5 Rxf5 22. Rf1 Rxf1+ 23. Kxf1 g6 24. Ke1 Kg7 25. h3 h5 26. Bf4 Qf5 27. Bc7 b5 28. b3 Qd7 29. Bb6 Qf5 30. Bc7 Qd7 31. Bb6 Qf5 32. Bc7 1/2-1/2

[Event "23rd OIBM 2019"]
[Site "Gmund am Tegernsee"]
[Date "2019.10.30"]
[Round "5.33"]
[White "Miller, Eduard"]
[Black "Schatz, Christian"]
[Result "1-0"]
[ECO "A25"]
[WhiteElo "2402"]
[BlackElo "2152"]
[Annotator "NA"]
[PlyCount "93"]
[EventDate "2019.10.17"]
[EventType "swiss"]
[EventCountry "GER"]
[SourceTitle "playchess.com"]
[Source "ChessBase"]
[SourceQuality "1"]
[TimeControl "40/5400+30:1800+30"]

1. c4 e5 2. Nc3 Nc6 3. g3 g6 4. Bg2 Bg7 5. Rb1 a5 6. e4 d6 7. Nge2 Nge7 8. O-O O-O 9. d3 Be6 10. Be3 Nd4 11. Bxd4 exd4 12. Nb5 c5 13. Nf4 Nc6 14. Nxe6 fxe6 15. Bh3 Qe7 16. f4 Bh6 17. a3 e5 18. f5 gxf5 19. Bxf5 Rad8 20. Kg2 Kh8 21. b3 Qg7 22. Qh5 Ne7 23. Bh3 Ng6 24. Bg4 Be3 25. Rxf8+ Rxf8 26. Rf1 Ne7 27. Rf3 Rxf3 28. Bxf3 Ng6 29. Qg4 Qe7 30. h4 Nf8 31. Qf5 Kg7 32. Bg4 Kh6 33. Qc8 Ng6 34. Qb8 Nxh4+ 35. gxh4 Qxh4 36. Qxd6+ Kg5 37. Qxe5+ Kh6 38. Qd6+ Kg7 39. Qc7+ Kh6 40. Qb6+ Kg7 41. Qxb7+ Kh6 42. Qc6+ Kg5 43. Qxc5+ Kh6 44. Qf8+ Kg6 45. Bf5+ Kg5 46. Qe7+ Kh5 47. Qe5 1-0

[Event "23rd OIBM 2019"]
[Site "Gmund am Tegernsee"]
[Date "2019.10.30"]
[Round "5.34"]
[White "Schaefer, Michael"]
[Black "Piscopo, Pierluigi"]
[Result "1/2-1/2"]
[ECO "A48"]
[WhiteElo "2160"]
[BlackElo "2398"]
[Annotator "ChessBase"]
[PlyCount "75"]
[EventDate "2019.10.17"]
[EventType "swiss"]
[EventCountry "GER"]
[SourceTitle "playchess.com"]
[Source "ChessBase"]
[SourceQuality "1"]
[TimeControl "40/5400+30:1800+30"]

1. d4 Nf6 2. Nf3 g6 3. c4 Bg7 4. Nc3 O-O 5. Bg5 c5 6. e3 cxd4 7. exd4 d5 8. Bxf6 Bxf6 9. cxd5 Nd7 10. Bc4 Nb6 11. Bb3 a5 12. a3 Bg4 13. O-O Nc8 14. h3 Bxf3 15. Qxf3 Nd6 16. Rad1 Rc8 17. Rfe1 Qb6 18. Na4 Qa7 19. Nc5 Bxd4 20. Rxd4 Qxc5 21. Rd2 Rc7 22. g4 Rfc8 23. h4 a4 24. Ba2 Qa5 25. Rde2 Rc1 26. Qe3 Rxe1+ 27. Rxe1 Qc5 28. Qxc5 Rxc5 29. Rxe7 Rc2 30. Rd7 Rxb2 31. Rxd6 Rxa2 32. Rb6 Rxa3 33. Rxb7 Rd3 34. Ra7 Rd4 35. f3 Kg7 36. Kf2 h5 37. Ke3 Rxd5 38. Rxa4 1/2-1/2

[Event "23rd OIBM 2019"]
[Site "Gmund am Tegernsee"]
[Date "2019.10.30"]
[Round "5.35"]
[White "Smits, Mark"]
[Black "Atakisi, Umut"]
[Result "0-1"]
[ECO "B47"]
[WhiteElo "2132"]
[BlackElo "2393"]
[Annotator "NA"]
[PlyCount "58"]
[EventDate "2019.10.17"]
[EventType "swiss"]
[EventCountry "GER"]
[SourceTitle "playchess.com"]
[Source "ChessBase"]
[SourceQuality "1"]
[TimeControl "40/5400+30:1800+30"]

1. e4 c5 2. Nf3 e6 3. d4 cxd4 4. Nxd4 Nc6 5. Nc3 Qc7 6. f4 a6 7. Nxc6 bxc6 8. e5 d5 9. exd6 Bxd6 10. Qf3 Nf6 11. Bd3 Bb7 12. Ne4 Nxe4 13. Bxe4 f5 14. Bd3 c5 15. Qe2 O-O 16. O-O e5 17. Qf2 c4 18. Be2 Rae8 19. Be3 exf4 20. Bd4 f3 21. gxf3 Re6 22. Kh1 Bxh2 23. Qxh2 Qxh2+ 24. Kxh2 Rxe2+ 25. Kg3 f4+ 26. Kh4 Rh2+ 27. Kg5 h6+ 28. Kg6 Bc8 29. Bxg7 Bf5# 0-1

[Event "23rd OIBM 2019"]
[Site "Gmund am Tegernsee"]
[Date "2019.10.30"]
[Round "5.36"]
[White "Baum, Jonasz"]
[Black "Nehyba, Martin"]
[Result "0-1"]
[ECO "B33"]
[WhiteElo "2341"]
[BlackElo "2129"]
[Annotator "ChessBase"]
[PlyCount "104"]
[EventDate "2019.10.17"]
[EventType "swiss"]
[EventCountry "GER"]
[SourceTitle "playchess.com"]
[Source "ChessBase"]
[SourceQuality "1"]
[TimeControl "40/5400+30:1800+30"]

1. e4 c5 2. Nf3 e6 3. d4 cxd4 4. Nxd4 Nf6 5. Nc3 Nc6 6. Ndb5 d6 7. Bf4 e5 8. Bg5 a6 9. Na3 b5 10. Bxf6 gxf6 11. Nd5 f5 12. c3 Bg7 13. exf5 Bxf5 14. Nc2 O-O 15. Nce3 Be6 16. Bd3 f5 17. O-O Ne7 18. Nxe7+ Qxe7 19. Bxf5 Bxf5 20. Nxf5 Qe6 21. Qd5 Qxd5 22. Ne7+ Kf7 23. Nxd5 Rac8 24. a4 Ke6 25. Rfd1 a5 26. axb5 Rc5 27. Ne3 Rxb5 28. Nc4 d5 29. Rxa5 Rxa5 30. Nxa5 Rb8 31. b3 Rb5 32. b4 e4 33. c4 dxc4 34. Nxc4 Rxb4 35. Ne3 Ra4 36. g3 Ra1 37. Rxa1 Bxa1 38. Nc2 Be5 39. Kf1 Bc7 40. Ke2 Bb6 41. Ne3 Bc5 42. h3 Ba7 43. Kd2 Bb6 44. Ke2 Ba7 45. h4 Bc5 46. Kf1 Bxe3 47. fxe3 Kf5 48. h5 Kg4 49. Kg2 h6 50. Kh2 Kf3 51. Kh3 Kxe3 52. g4 Kf3 0-1

[Event "23rd OIBM 2019"]
[Site "Gmund am Tegernsee"]
[Date "2019.10.30"]
[Round "5.37"]
[White "Renner, Kai"]
[Black "Singer, Christoph"]
[Result "1/2-1/2"]
[ECO "B04"]
[WhiteElo "2153"]
[BlackElo "2339"]
[Annotator "NA"]
[PlyCount "48"]
[EventDate "2019.10.17"]
[EventType "swiss"]
[EventCountry "GER"]
[SourceTitle "playchess.com"]
[Source "ChessBase"]
[SourceQuality "1"]
[TimeControl "40/5400+30:1800+30"]

1. e4 Nf6 2. e5 Nd5 3. d4 d6 4. Nf3 g6 5. c4 Nb6 6. exd6 cxd6 7. Be2 Bg7 8. O-O Bg4 9. Be3 O-O 10. Nc3 Nc6 11. b3 d5 12. c5 Nc8 13. Rc1 e6 14. Ne1 Bxe2 15. Nxe2 N8e7 16. Qd2 Nf5 17. Nf3 f6 18. Rfd1 Rf7 19. a3 Rd7 20. b4 a6 21. Ng3 Nfe7 22. a4 a5 23. b5 Nb4 24. Ne1 e5 1/2-1/2

[Event "23rd OIBM 2019"]
[Site "Gmund am Tegernsee"]
[Date "2019.10.30"]
[Round "5.38"]
[White "Konik, Michael"]
[Black "Forchert, Martin"]
[Result "1/2-1/2"]
[ECO "B02"]
[WhiteElo "2126"]
[BlackElo "2335"]
[Annotator "NA"]
[PlyCount "54"]
[EventDate "2019.10.17"]
[EventType "swiss"]
[EventCountry "GER"]
[SourceTitle "playchess.com"]
[Source "ChessBase"]
[SourceQuality "1"]
[TimeControl "40/5400+30:1800+30"]

1. e4 Nf6 2. Nc3 d5 3. e5 Nfd7 4. f4 c5 5. Nf3 Nc6 6. d4 cxd4 7. Nxd4 Nxd4 8. Qxd4 e6 9. Qf2 f6 10. Be3 Bb4 11. Bd3 O-O 12. Qh4 f5 13. Qxd8 Rxd8 14. O-O Nc5 15. Nb5 Nxd3 16. cxd3 Bd7 17. Nd4 b6 18. Kf2 Rac8 19. Rfc1 Kf7 20. Rxc8 Rxc8 21. Rc1 Rxc1 22. Bxc1 h6 23. Ke2 Be7 24. Bd2 g5 25. g3 Bc5 26. Nb3 Be7 27. Nd4 Bc5 1/2-1/2

[Event "23rd OIBM 2019"]
[Site "Gmund am Tegernsee"]
[Date "2019.10.30"]
[Round "5.40"]
[White "Faerber, David"]
[Black "Freundorfer, Josef"]
[Result "1/2-1/2"]
[ECO "C77"]
[WhiteElo "2332"]
[BlackElo "2111"]
[Annotator "RC"]
[PlyCount "118"]
[EventDate "2019.10.17"]
[EventType "swiss"]
[EventCountry "GER"]
[SourceTitle "playchess.com"]
[Source "ChessBase"]
[SourceQuality "1"]
[TimeControl "40/5400+30:1800+30"]

1. e4 e5 2. Nf3 Nc6 3. Bb5 a6 4. Ba4 Nf6 5. d3 Bc5 6. Nc3 h6 7. h3 d6 8. Bxc6+ bxc6 9. Be3 Bxe3 10. fxe3 Qe7 11. Qe2 a5 12. O-O Rb8 13. Rab1 O-O 14. Kh1 Re8 15. Nd2 Be6 16. Nb3 Ra8 17. Qf3 d5 18. exd5 cxd5 19. d4 e4 20. Qe2 Reb8 21. Nc5 Bc8 22. Qf2 Rb6 23. Qh4 Rab8 24. b3 Rd6 25. Kg1 Be6 26. Ne2 Re8 27. Qf2 Nd7 28. Nxd7 Bxd7 29. Kh2 Bb5 30. Rbe1 Rc6 31. Rc1 Rd8 32. a4 Ba6 33. Rfe1 Rf6 34. Qh4 Qd6+ 35. Qg3 g5 36. Qxd6 Rdxd6 37. Nc3 c6 38. Kg1 Rf5 39. Ne2 Kh7 40. Ng3 Rff6 41. c4 Kg6 42. Rf1 h5 43. Rxf6+ Rxf6 44. Nf1 Bb7 45. Nd2 h4 46. Nb1 g4 47. hxg4 Kg5 48. cxd5 cxd5 49. Rc5 Kxg4 50. Rxa5 h3 51. Nd2 Kg3 52. gxh3 Rf2 53. Nf1+ Kf3 54. Ra7 Rg2+ 55. Kh1 Kf2 56. Rxb7 Rg1+ 57. Kh2 Rg2+ 58. Kh1 Rg1+ 59. Kh2 Rg2+ {[%emt 0:00:09] Rb8} 1/2-1/2

[Event "23rd OIBM 2019"]
[Site "Gmund am Tegernsee"]
[Date "2019.10.30"]
[Round "5.41"]
[White "De Ruijter, Luuk"]
[Black "Wiest, Leonhard"]
[Result "1/2-1/2"]
[ECO "D02"]
[WhiteElo "2214"]
[BlackElo "2014"]
[Annotator "NA"]
[PlyCount "27"]
[EventDate "2019.10.17"]
[EventType "swiss"]
[EventCountry "GER"]
[SourceTitle "playchess.com"]
[Source "ChessBase"]
[SourceQuality "1"]
[TimeControl "40/5400+30:1800+30"]

1. d4 d5 2. Nf3 Nf6 3. c4 e6 4. g3 Bb4+ 5. Bd2 Be7 6. Qc2 c6 7. Bg2 O-O 8. O-O Nbd7 9. Rd1 Ne4 10. Nc3 Nxd2 11. Nxd2 f5 12. cxd5 exd5 13. a3 f4 14. Nf3 1/2-1/2

[Event "23rd OIBM 2019"]
[Site "Gmund am Tegernsee"]
[Date "2019.10.30"]
[Round "5.42"]
[White "Thiel, Fabian"]
[Black "Guttenthaler, Franz"]
[Result "1/2-1/2"]
[ECO "E25"]
[WhiteElo "2109"]
[BlackElo "2328"]
[Annotator "NA"]
[PlyCount "51"]
[EventDate "2019.10.17"]
[EventType "swiss"]
[EventCountry "GER"]
[SourceTitle "playchess.com"]
[Source "ChessBase"]
[SourceQuality "1"]
[TimeControl "40/5400+30:1800+30"]

1. d4 Nf6 2. c4 e6 3. Nc3 Bb4 4. f3 d5 5. a3 Bxc3+ 6. bxc3 c5 7. cxd5 exd5 8. e3 O-O 9. Bd3 b6 10. Ne2 Ba6 11. Ng3 Re8 12. O-O Bxd3 13. Qxd3 Nc6 14. Bb2 Qc7 15. Rae1 Rad8 16. e4 Na5 17. e5 Nd7 18. Nf5 Nf8 19. f4 Nc4 20. Bc1 Qd7 21. Rf3 Kh8 22. Rg3 g6 23. Ne3 Nxe3 24. Bxe3 c4 25. Qc2 f5 26. exf6 1/2-1/2